Nashville Predators vs Winnipeg Jets

Created - samedi 23 mars 2019 at 19:00

Goals
1 2 3 T
Nashville Predators 1 1 3 5
Winnipeg Jets 1 0 2 3
Shots
1 2 3 T
Nashville Predators 12 1 14 27
Winnipeg Jets 9 8 11 28

1st period

1. Nashville Predators , Joe Thornton 18 (Kevin Fiala 15, Mattias Ekholm 20) at 4:41
2. Winnipeg Jets , Adam Lowry 10 (Mathieu Perreault 20, Zach Redmond 5) at 13:32

Penalties :
Evander Kane (WPG) for Holding (Minor) at 17:17

2nd period

3. Nashville Predators , Shea Weber 3 (Calle Jarnkrok 23) at 6:17

Penalties :
Kyle Quincey (NSH) for Slashing (Minor) at 5:18, Phillip Danault (WPG) for Hooking (Minor) at 5:23, Zach Redmond (WPG) for Delaying the game (Minor) at 9:27

3rd period

4. Nashville Predators , Calle Jarnkrok 22 (Colton Sissons 18) at 3:16
5. Winnipeg Jets , Jack Eichel 24 (Blake Wheeler 32) at 4:13 (PP)
6. Winnipeg Jets , Jack Eichel 25 (Blake Wheeler 33, Evander Kane 17) at 4:51 (PP)
7. Nashville Predators , Joe Thornton 19 (Kevin Fiala 16) at 5:05
8. Nashville Predators , Colton Sissons 13 (Calle Jarnkrok 24, Colin Wilson 13) at 6:04

Penalties :
Ryan Johansen (NSH) for Hooking (Minor) at 4:08, Ryan Johansen (NSH) for Hooking (Minor) at 4:35, Evander Kane (WPG) for Hooking (Minor) at 6:09, Zach Redmond (WPG) for Interference (Minor) at 10:41, Austin Watson (NSH) for Hooking (Minor) at 16:25

Goalie Stats

Pekka Rinne (NSH), 25 saves from 28 shots - (0.893), W, 43-20-9, 60:00 minutes
Connor Hellebuyck (WPG), 9 saves from 9 shots - (1.000), 13:56 minutes
Michael Hutchinson (WPG), 13 saves from 18 shots - (0.722), L, 1-5-1, 46:04 minutes

Players Stats for Nashville Predators

Player Name              G  A  P  +/- PIM S  H  SB GA TA FO     MP     PP MP  PK MP  
------------------------------------------------------------------------------------
Austin Watson            0  0  0   0  2   0  3  2  0  1  0/0    13:25   0:28   0:06 
Calle Jarnkrok           1  2  3   2  0   5  2  1  0  0  3/3    16:44   3:52   1:05 
Cam Atkinson             0  0  0   0  0   0  1  0  0  0  1/1    17:02   3:56   0:00 
Colin Wilson             0  1  1   1  0   0  1  1  0  0  0/0    11:15   0:12   0:00 
Colton Sissons           1  1  2   1  0   2  4  0  0  0  8/11   16:16   3:52   1:14 
Craig Smith              0  0  0   3  0   0  2  0  1  0  1/2    16:42   3:52   0:00 
Filip Forsberg           0  0  0   0  0   1  5  0  1  0  0/1    17:59   3:53   0:00 
Joe Thornton             2  0  2   2  0   3  1  1  0  0  11/13  15:23   3:56   0:00 
Kevin Fiala              0  2  2   2  0   3  0  1  0  1  0/2    11:49   0:00   0:00 
Kyle Quincey             0  0  0   1  2   2  1  0  0  1  0/0    18:59   0:30   0:50 
Matt Irwin               0  0  0   1  0   0  1  0  0  1  0/0    15:12   0:00   1:35 
Mattias Ekholm           0  1  1   1  0   2  1  1  0  0  0/0    18:39   3:22   0:50 
Mike Fisher              0  0  0   0  0   0  1  0  1  0  3/6    12:56   0:00   1:11 
Roman Josi               0  0  0   1  0   1  1  0  0  0  0/0    22:39   4:05   1:35 
Ryan Johansen            0  0  0   0  4   0  3  0  1  0  5/10   17:58   4:06   0:00 
Scott Hartnell           0  0  0   0  0   2  1  0  0  0  1/2    12:52   0:00   1:14 
Shea Weber               1  0  1   2  0   4  0  0  0  1  0/0    22:30   3:56   0:00 
Yannick Weber            0  0  0   2  0   2  1  1  0  0  0/0    17:17   0:05   0:00 

Players Stats for Winnipeg Jets

Player Name              G  A  P  +/- PIM S  H  SB GA TA FO     MP     PP MP  PK MP  
------------------------------------------------------------------------------------
Adam Lowry               1  0  1  -1  0   1  1  0  0  0  7/18   17:23   0:00   3:42 
Ben Chiarot              0  0  0  -2  0   1  4  0  0  1  0/0    19:33   0:00   4:00 
Blake Wheeler            0  2  2  -2  0   1  4  1  0  0  1/1    16:40   1:17   0:15 
Brayden McNabb           0  0  0  -3  0   2  1  3  0  2  0/0    22:21   0:00   3:38 
Evander Kane             0  1  1  -1  4   2  2  0  0  0  0/2    16:04   1:17   0:34 
Jack Eichel              2  0  2  -1  0   4  1  0  1  0  5/13   14:34   1:17   0:00 
Jack Roslovic            0  0  0   0  0   1  2  0  2  0  2/6    10:36   0:00   0:59 
Jannik Hansen            0  0  0  -1  0   0  0  0  0  0  0/1    10:30   0:00   0:15 
Josh Morrissey           0  0  0  -2  0   2  0  0  0  1  0/0    20:06   1:09   4:18 
Martin Frk               0  0  0   0  0   0  3  0  0  0  0/0     8:45   0:00   0:00 
Mathieu Perreault        0  1  1  -1  0   2  4  0  1  0  0/0    17:21   0:00   3:37 
Nikolaj Ehlers           0  0  0  -1  0   2  2  0  0  0  1/1    12:41   1:08   0:00 
Patrik Laine             0  0  0  -1  0   2  1  0  1  0  0/1    12:41   1:08   0:00 
Phillip Danault          0  0  0  -1  2   0  1  0  0  0  2/8    16:29   1:07   3:08 
Shayne Gostisbehere      0  0  0  -2  0   4  0  1  0  0  0/0    23:48   1:09   3:43 
Troy Brouwer             0  0  0  -1  0   2  3  0  0  0  0/0    17:00   0:00   3:32 
Tucker Poolman           0  0  0   1  0   0  1  1  0  0  0/0    16:51   1:16   0:23 
Zach Redmond             0  1  1   0  4   2  0  0  0  0  0/0    16:37   1:16   0:00 

3 Stars

1 - Calle Jarnkrok (NSH)
2 - Joe Thornton (NSH)
3 - Colton Sissons (NSH)

Power Play

Nashville Predators - 0 on 5 Attempt(s) - 0.00%
Winnipeg Jets - 2 on 4 Attempt(s) - 50.00%

Penalty Kill

Nashville Predators - 2 on 4 Attempt(s) - 50.00% - Score 0 goal in Penalty Kill
Winnipeg Jets - 5 on 5 Attempt(s) - 100.00% - Score 0 goal in Penalty Kill

Team Stat

Nashville Predators - Hits : 29 - Faceoff Wins : 33 - Blocked Shots : 8 - Penalty Minutes : 8
Winnipeg Jets - Hits : 30 - Faceoff Wins : 18 - Blocked Shots : 6 - Penalty Minutes : 10

Official

Referees : Francis Charron and Trevor Hanson
Linesman : Kiel Murchison and Steve Miller

Game Notes

Connor Hellebuyck enters game at 6:04 of 3rd period

Finance

Level 1 -- Attendance: 10000 (100.00%) -- Ticket Income fr. 800'000
Level 2 -- Attendance: 1823 (91.15%) -- Ticket Income fr. 118'495
Level 3 -- Attendance: 2984 (85.26%) -- Ticket Income fr. 104'440
Level 4 -- Attendance: 1276 (88.00%) -- Ticket Income fr. 25'520
Luxury Box -- Attendance: 50 (100.00%) -- Ticket Income fr. 10'000
Game was played at the Bell MTS Place.
Total Attendance: 16133 (94.90%)
Total Ticket Income: fr. 1'058'455
Total Income: fr. 1'058'455

Nashville Predators

5 vs 5 Forward 
   Center                   Left Wing                Right Wing               Time % Phy DF OF 
 1 Ryan Johansen            Filip Forsberg           Cam Atkinson             28     0   1  4  
 2 Joe Thornton             Kevin Fiala              Craig Smith              27     0   2  3  
 3 Colton Sissons           Calle Jarnkrok           Colin Wilson             23     1   2  2  
 4 Mike Fisher              Scott Hartnell           Austin Watson            22     2   2  1  

5 vs 5 Defense 
   Defense                  Defense                                           Time % Phy DF OF 
 1 Roman Josi               Yannick Weber                                     36     1   2  2  
 2 Shea Weber               Kyle Quincey                                      36     1   2  2  
 3 Matt Irwin               Mattias Ekholm                                    28     1   2  2  
 4 Mattias Ekholm           Roman Josi                                        0      1   2  2  

PowerPlay Forward 
   Center                   Left Wing                Right Wing               Time % Phy DF OF 
 1 Joe Thornton             Filip Forsberg           Cam Atkinson             50     0   1  4  
 2 Calle Jarnkrok           Colton Sissons           Craig Smith              50     0   1  4  

PowerPlay Defense
   Defense                  Defense                                           Time % Phy DF OF 
 1 Ryan Johansen            Roman Josi                                        50     0   1  4  
 2 Shea Weber               Mattias Ekholm                                    50     0   1  4  

Penalty Kill 4 Players Forward 
   Center                   Wing                     Time % Phy DF OF 
 1 Colton Sissons           Scott Hartnell           50     1   4  0  
 2 Mike Fisher              Austin Watson            50     1   4  0  

Penalty Kill 4 Players Defense
   Defense                  Defense                  Time % Phy DF OF 
 1 Matt Irwin               Roman Josi               50     0   5  0  
 2 Kyle Quincey             Mattias Ekholm           50     0   5  0  

Penalty Kill - 3 Players Forward 
   Forward                                           Time % Phy DF OF 
 1 Mike Fisher                                       50     0   5  0  
 2 Colton Sissons                                    50     0   5  0  

Penalty Kill - 3 Players Defense
   Defense                  Defense                  Time % Phy DF OF 
 1 Matt Irwin               Roman Josi               50     0   5  0  
 2 Kyle Quincey             Mattias Ekholm           50     0   5  0  

4 vs 4 Forward 
   Center                   Wing                     Time % Phy DF OF 
 1 Ryan Johansen            Filip Forsberg           50     1   4  0  
 2 Calle Jarnkrok           Craig Smith              50     1   4  0  

4 vs 4 Defense
   Defense                  Defense                  Time % Phy DF OF 
 1 Mattias Ekholm           Roman Josi               50     0   5  0  
 2 Shea Weber               Kyle Quincey             50     0   5  0  

Last Minutes Offensive
   Center                   Left Wing                Right Wing               Defense                  Defense                  
   Calle Jarnkrok           Filip Forsberg           Cam Atkinson             Shea Weber               Roman Josi               

Last Minutes Defensive
   Center                   Left Wing                Right Wing               Defense                  Defense                  
   Mike Fisher              Colton Sissons           Austin Watson            Mattias Ekholm           Roman Josi               

Goaltenders
Starting : Pekka Rinne              
Backup : Juuse Saros              

Extra Forwards
Normal : Filip Forsberg, Mike Fisher, Craig Smith - PP : Calle Jarnkrok, Ryan Johansen - PK : Mike Fisher
Extra Defensemen
Normal : Yannick Weber, Kyle Quincey, Mattias Ekholm - PP : Roman Josi - PK : Roman Josi, Matt Irwin
Penalty Shots
Cam Atkinson, Filip Forsberg, Kevin Fiala, Craig Smith, Ryan Johansen
Custom OT Lines Forwards
Ryan Johansen, Filip Forsberg, Scott Hartnell, Kevin Fiala, Mike Fisher, Calle Jarnkrok, Colton Sissons, Craig Smith, Joe Thornton, Cam Atkinson
Custom OT Lines Defensemen
Roman Josi, Mattias Ekholm, Matt Irwin, Yannick Weber, Shea Weber

Scratches
Anthony Bitetto (Healthy), Julius Honka (Healthy), Jakub Jerabek (Healthy)

Winnipeg Jets

5 vs 5 Forward 
   Center                   Left Wing                Right Wing               Time % Phy DF OF 
 1 Jack Eichel              Blake Wheeler            Evander Kane             30     1   2  2  
 2 Phillip Danault          Nikolaj Ehlers           Patrik Laine             28     1   2  2  
 3 Adam Lowry               Mathieu Perreault        Troy Brouwer             26     1   2  2  
 4 Jack Roslovic            Jannik Hansen            Martin Frk               16     1   2  2  

5 vs 5 Defense 
   Defense                  Defense                                           Time % Phy DF OF 
 1 Shayne Gostisbehere      Josh Morrissey                                    31     1   2  2  
 2 Brayden McNabb           Ben Chiarot                                       29     1   2  2  
 3 Zach Redmond             Tucker Poolman                                    26     1   2  2  
 4 Shayne Gostisbehere      Brayden McNabb                                    14     1   2  2  

PowerPlay Forward 
   Center                   Left Wing                Right Wing               Time % Phy DF OF 
 1 Jack Eichel              Evander Kane             Blake Wheeler            50     1   2  2  
 2 Phillip Danault          Patrik Laine             Nikolaj Ehlers           50     1   2  2  

PowerPlay Defense
   Defense                  Defense                                           Time % Phy DF OF 
 1 Shayne Gostisbehere      Josh Morrissey                                    50     1   2  2  
 2 Tucker Poolman           Zach Redmond                                      50     1   2  2  

Penalty Kill 4 Players Forward 
   Center                   Wing                     Time % Phy DF OF 
 1 Adam Lowry               Mathieu Perreault        50     1   2  2  
 2 Phillip Danault          Troy Brouwer             50     1   2  2  

Penalty Kill 4 Players Defense
   Defense                  Defense                  Time % Phy DF OF 
 1 Brayden McNabb           Shayne Gostisbehere      50     1   2  2  
 2 Josh Morrissey           Ben Chiarot              50     1   2  2  

Penalty Kill - 3 Players Forward 
   Forward                                           Time % Phy DF OF 
 1 Adam Lowry                                        50     1   2  2  
 2 Troy Brouwer                                      50     1   2  2  

Penalty Kill - 3 Players Defense
   Defense                  Defense                  Time % Phy DF OF 
 1 Ben Chiarot              Josh Morrissey           50     1   2  2  
 2 Shayne Gostisbehere      Brayden McNabb           50     1   2  2  

4 vs 4 Forward 
   Center                   Wing                     Time % Phy DF OF 
 1 Jack Roslovic            Mathieu Perreault        50     1   2  2  
 2 Jannik Hansen            Blake Wheeler            50     1   2  2  

4 vs 4 Defense
   Defense                  Defense                  Time % Phy DF OF 
 1 Shayne Gostisbehere      Tucker Poolman           50     1   2  2  
 2 Zach Redmond             Brayden McNabb           50     1   2  2  

Last Minutes Offensive
   Center                   Left Wing                Right Wing               Defense                  Defense                  
   Jack Eichel              Evander Kane             Blake Wheeler            Shayne Gostisbehere      Josh Morrissey           

Last Minutes Defensive
   Center                   Left Wing                Right Wing               Defense                  Defense                  
   Phillip Danault          Adam Lowry               Blake Wheeler            Josh Morrissey           Brayden McNabb           

Goaltenders
Starting : Michael Hutchinson       
Backup : Connor Hellebuyck        

Extra Forwards
Normal : Jannik Hansen, Martin Frk, Jack Roslovic - PP : Jack Eichel, Blake Wheeler - PK : Jack Roslovic
Extra Defensemen
Normal : Zach Redmond, Ben Chiarot, Brayden McNabb - PP : Ben Chiarot - PK : Zach Redmond, Shayne Gostisbehere
Penalty Shots
Jack Eichel, Blake Wheeler, Evander Kane, Phillip Danault, Patrik Laine
Custom OT Lines Forwards
Blake Wheeler, Evander Kane, Jack Eichel, Patrik Laine, Phillip Danault, Nikolaj Ehlers, Mathieu Perreault, Troy Brouwer, Martin Frk, 
Custom OT Lines Defensemen
Shayne Gostisbehere, Josh Morrissey, Brayden McNabb, Ben Chiarot, Zach Redmond

Scratches
Jacob Trouba (Lacerated Right Calf Injury), Lee Stempniak (Healthy), Zack Kassian (Healthy), Patrick Sieloff (Torso Injury)

% Time on Ice - Nashville Predators

Lines # - Real PCT - Wanted PCT - Time Play
Normal Forward
1 - 29% - 28% - 13:44
2 - 25% - 27% - 11:49
3 - 23% - 23% - 10:52
4 - 24% - 22% - 11:15
Normal Defense
1 - 33% - 36% - 15:46
2 - 39% - 36% - 18:26
3 - 28% - 28% - 13:28
4 - 0% - 0% - 0:00
PP Forward
1 - 51% - 50% - 4:06
2 - 49% - 50% - 3:55
PP Defense
1 - 51% - 50% - 4:05
2 - 49% - 50% - 3:56
PK Forward
1 - 51% - 50% - 1:14
2 - 49% - 50% - 1:11
PK Defense
1 - 66% - 50% - 1:35
2 - 34% - 50% - 0:50
PK3 Forward
1 - 0% - 50%
2 - 0% - 50%
PK3 Defense
1 - 0% - 50%
2 - 0% - 50%
44 Forward
1 - 54% - 50% - 1:01
2 - 46% - 50% - 0:53
44 Defense
1 - 46% - 50% - 0:52
2 - 54% - 50% - 1:02
Last Minute Offensive  - 0:00
Last Minute Defensive  - 0:00
Total
Forward - 60:00
Defense - 60:00

% Time on Ice - Winnipeg Jets

Lines # - Real PCT - Wanted PCT - Time Play
Normal Forward
1 - 29% - 30% - 13:55
2 - 27% - 28% - 12:56
3 - 27% - 26% - 12:40
4 - 17% - 16% - 8:09
Normal Defense
1 - 31% - 31% - 14:53
2 - 30% - 29% - 14:06
3 - 29% - 26% - 13:37
4 - 11% - 14% - 5:04
PP Forward
1 - 53% - 50% - 1:17
2 - 47% - 50% - 1:08
PP Defense
1 - 48% - 50% - 1:09
2 - 52% - 50% - 1:16
PK Forward
1 - 50% - 50% - 4:01
2 - 50% - 50% - 4:00
PK Defense
1 - 50% - 50% - 4:01
2 - 50% - 50% - 4:00
PK3 Forward
1 - 0% - 50%
2 - 0% - 50%
PK3 Defense
1 - 0% - 50%
2 - 0% - 50%
44 Forward
1 - 49% - 50% - 0:56
2 - 51% - 50% - 0:58
44 Defense
1 - 46% - 50% - 0:52
2 - 54% - 50% - 1:02
Last Minute Offensive  - 0:00
Last Minute Defensive  - 0:00
Total
Forward - 60:00
Defense - 60:00

Play-by-Play

1st period


0:01 of 1st period - Jack Eichel wins face-off versus Ryan Johansen in neutral zone.
1:08 of 1st period - Off-side.
1:09 of 1st period - Adam Lowry wins face-off versus Kevin Fiala in neutral zone.
1:12 of 1st period - Kevin Fiala is hit by Troy Brouwer and loses puck.
1:19 of 1st period - Wrist shot by Joe Thornton.
1:19 of 1st period - Deflect By Kevin Fiala.
1:19 of 1st period - Stopped by Michael Hutchinson without a rebound.
1:20 of 1st period - Joe Thornton wins face-off versus Jack Roslovic in Winnipeg Jets zone.
1:45 of 1st period - Phillip Danault is hit by Filip Forsberg and loses puck.
3:09 of 1st period - Ryan Johansen is hit by Martin Frk and loses puck.
3:40 of 1st period - Icing by Craig Smith.
3:41 of 1st period - Colton Sissons wins face-off versus Evander Kane in Nashville Predators zone.
4:07 of 1st period - Wrist shot by Filip Forsberg.
4:07 of 1st period - Shot Misses the Net.
4:41 of 1st period - Snap shot by Joe Thornton.
4:41 of 1st period - Goal by Joe Thornton - Nashville Predators : 1 - Winnipeg Jets : 0.
4:42 of 1st period - Jack Roslovic wins face-off versus Joe Thornton in neutral zone.
4:45 of 1st period - Slapshot by Shayne Gostisbehere.
4:45 of 1st period - Deflect By Joe Thornton.
4:45 of 1st period - Stopped by Pekka Rinne with a rebound.
4:47 of 1st period - Slapshot by Josh Morrissey.
4:47 of 1st period - Stopped by Pekka Rinne with a rebound.
4:49 of 1st period - Slapshot by Shayne Gostisbehere.
4:49 of 1st period - Stopped by Pekka Rinne without a rebound.
4:50 of 1st period - Joe Thornton wins face-off versus Jack Roslovic in Nashville Predators zone.
5:20 of 1st period - Slapshot by Calle Jarnkrok.
5:20 of 1st period - Stopped by Michael Hutchinson with a rebound.
5:22 of 1st period - Slapshot by Calle Jarnkrok.
5:22 of 1st period - Stopped by Michael Hutchinson with a rebound.
5:24 of 1st period - Slapshot by Yannick Weber.
5:24 of 1st period - Deflect By Adam Lowry.
5:24 of 1st period - Stopped by Michael Hutchinson with a rebound.
5:34 of 1st period - Snap shot by Scott Hartnell.
5:34 of 1st period - Stopped by Michael Hutchinson without a rebound.
5:35 of 1st period - Mike Fisher wins face-off versus Patrik Laine in Winnipeg Jets zone.
5:40 of 1st period - Snap shot by Mattias Ekholm.
5:40 of 1st period - Deflect By Scott Hartnell.
5:40 of 1st period - Shot Misses the Net.
5:40 of 1st period - Puck is out of play.
5:41 of 1st period - Phillip Danault wins face-off versus Mike Fisher in Winnipeg Jets zone.
5:50 of 1st period - Backhand shot by Patrik Laine.
5:50 of 1st period - Shot Misses the Net.
5:52 of 1st period - Slapshot by Phillip Danault.
5:52 of 1st period - Shot Misses the Net.
5:54 of 1st period - Snap shot by Brayden McNabb.
5:54 of 1st period - Stopped by Pekka Rinne with a rebound.
6:36 of 1st period - Wrist shot by Kevin Fiala.
6:36 of 1st period - Stopped by Michael Hutchinson with a rebound.
6:46 of 1st period - Yannick Weber is hit by Tucker Poolman and loses puck.
7:07 of 1st period - Phillip Danault is hit by Austin Watson and loses puck.
8:16 of 1st period - Tucker Poolman is hit by Scott Hartnell and loses puck.
10:05 of 1st period - Slapshot by Ryan Johansen.
10:05 of 1st period - Shot Hit the Post.
10:46 of 1st period - Josh Morrissey is hit by Calle Jarnkrok.
10:50 of 1st period - Evander Kane is hit by Colin Wilson and loses puck.
11:14 of 1st period - Mike Fisher is hit by Ben Chiarot and loses puck.
11:43 of 1st period - Jack Roslovic is hit by Craig Smith and loses puck.
11:54 of 1st period - Craig Smith is hit by Jack Roslovic.
12:21 of 1st period - Snap shot by Patrik Laine.
12:21 of 1st period - Stopped by Pekka Rinne without a rebound.
12:22 of 1st period - Cam Atkinson wins face-off versus Phillip Danault in Nashville Predators zone.
12:44 of 1st period - Nikolaj Ehlers is hit by Filip Forsberg.
12:50 of 1st period - Filip Forsberg is hit by Ben Chiarot.
12:54 of 1st period - Patrik Laine is hit by Cam Atkinson and loses puck.
13:02 of 1st period - Off-side.
13:03 of 1st period - Joe Thornton wins face-off versus Jack Eichel in neutral zone.
13:32 of 1st period - Snap shot by Adam Lowry.
13:32 of 1st period - Goal by Adam Lowry - Nashville Predators : 1 - Winnipeg Jets : 1.
13:33 of 1st period - Joe Thornton wins face-off versus Jack Eichel in neutral zone.
13:44 of 1st period - Wrist shot by Kevin Fiala.
13:44 of 1st period - Stopped by Michael Hutchinson without a rebound.
13:45 of 1st period - Jack Eichel wins face-off versus Mike Fisher in Winnipeg Jets zone.
13:45 of 1st period - Jack Eichel is hit by Matt Irwin.
14:13 of 1st period - Snap shot by Colton Sissons.
14:13 of 1st period - Shot Blocked by Brayden McNabb.
14:15 of 1st period - Slapshot by Colton Sissons.
14:15 of 1st period - Shot Misses the Net.
14:17 of 1st period - Slapshot by Shea Weber.
14:17 of 1st period - Stopped by Michael Hutchinson with a rebound.
14:19 of 1st period - Snap shot by Colton Sissons.
14:19 of 1st period - Deflect By Calle Jarnkrok.
14:19 of 1st period - Stopped by Michael Hutchinson with a rebound.
14:33 of 1st period - Wrist shot by Mathieu Perreault.
14:33 of 1st period - Stopped by Pekka Rinne with a rebound.
15:15 of 1st period - Off-side.
15:16 of 1st period - Scott Hartnell wins face-off versus Jack Roslovic in neutral zone.
15:41 of 1st period - Colton Sissons is hit by Ben Chiarot and loses puck.
16:29 of 1st period - Slapshot by Nikolaj Ehlers.
16:29 of 1st period - Stopped by Pekka Rinne with a rebound.
16:31 of 1st period - Slapshot by Josh Morrissey.
16:31 of 1st period - Stopped by Pekka Rinne without a rebound.
16:32 of 1st period - Phillip Danault wins face-off versus Kevin Fiala in Nashville Predators zone.
16:59 of 1st period - Mattias Ekholm is hit by Troy Brouwer and loses puck.
17:06 of 1st period - Snap shot by Shea Weber.
17:06 of 1st period - Shot Blocked by Shayne Gostisbehere.
17:08 of 1st period - Slapshot by Shea Weber.
17:08 of 1st period - Stopped by Michael Hutchinson without a rebound.
17:09 of 1st period - Colton Sissons wins face-off versus Jack Eichel in Winnipeg Jets zone.
17:17 of 1st period - Minor Penalty to Evander Kane for Holding.
17:18 of 1st period - Joe Thornton wins face-off versus Adam Lowry in Winnipeg Jets zone.
17:18 of 1st period - Slapshot by Filip Forsberg.
17:18 of 1st period - Stopped by Michael Hutchinson without a rebound.
17:19 of 1st period - Adam Lowry wins face-off versus Joe Thornton in Winnipeg Jets zone.
17:19 of 1st period - Adam Lowry is hit by Ryan Johansen.
17:41 of 1st period - Slapshot by Josh Morrissey.
17:41 of 1st period - Shot Misses the Net.
18:53 of 1st period - Mathieu Perreault is hit by Colton Sissons and loses puck.
19:17 of 1st period - Penalty to Evander Kane is over, Evander Kane is back on ice.
19:44 of 1st period - Tucker Poolman is hit by Austin Watson and loses puck.
Goals for this period are 1 for Nashville Predators vs 1 for Winnipeg Jets.
Shots for this period are 12 for Nashville Predators vs 9 for Winnipeg Jets.

2nd period


0:01 of 2nd period - Joe Thornton wins face-off versus Adam Lowry in neutral zone.
2:12 of 2nd period - Phillip Danault is hit by Ryan Johansen and loses puck.
2:50 of 2nd period - Icing by Adam Lowry.
2:51 of 2nd period - Craig Smith wins face-off versus Jack Eichel in Winnipeg Jets zone.
2:51 of 2nd period - Craig Smith is hit by Evander Kane.
3:18 of 2nd period - Zach Redmond is hit by Kyle Quincey and loses puck.
3:42 of 2nd period - Mike Fisher is hit by Mathieu Perreault and loses puck.
3:57 of 2nd period - Josh Morrissey is hit by Colton Sissons and loses puck.
4:17 of 2nd period - Snap shot by Jack Eichel.
4:17 of 2nd period - Stopped by Pekka Rinne without a rebound.
4:18 of 2nd period - Ryan Johansen wins face-off versus Jack Eichel in Nashville Predators zone.
5:07 of 2nd period - Slapshot by Jack Eichel.
5:07 of 2nd period - Shot Blocked by Austin Watson.
5:09 of 2nd period - Snap shot by Jack Eichel.
5:09 of 2nd period - Stopped by Pekka Rinne with a rebound.
5:11 of 2nd period - Slapshot by Brayden McNabb.
5:11 of 2nd period - Stopped by Pekka Rinne with a rebound.
5:13 of 2nd period - Slapshot by Ben Chiarot.
5:13 of 2nd period - Shot Blocked by Austin Watson.
5:15 of 2nd period - Slapshot by Ben Chiarot.
5:15 of 2nd period - Stopped by Pekka Rinne without a rebound.
5:16 of 2nd period - Joe Thornton wins face-off versus Phillip Danault in Nashville Predators zone.
5:18 of 2nd period - Minor Penalty to Kyle Quincey for Slashing.
5:19 of 2nd period - Colton Sissons wins face-off versus Phillip Danault in Nashville Predators zone.
5:23 of 2nd period - Minor Penalty to Phillip Danault for Hooking.
5:24 of 2nd period - Ryan Johansen wins face-off versus Jack Roslovic in Winnipeg Jets zone.
5:35 of 2nd period - Slapshot by Jack Roslovic.
5:35 of 2nd period - Stopped by Pekka Rinne with a rebound.
5:37 of 2nd period - Wrist shot by Mathieu Perreault.
5:37 of 2nd period - Stopped by Pekka Rinne with a rebound.
6:11 of 2nd period - Icing by Yannick Weber.
6:12 of 2nd period - Calle Jarnkrok wins face-off versus Jannik Hansen in Nashville Predators zone.
6:17 of 2nd period - Slapshot by Shea Weber.
6:17 of 2nd period - Goal by Shea Weber - Nashville Predators : 2 - Winnipeg Jets : 1.
6:18 of 2nd period - Jack Roslovic wins face-off versus Ryan Johansen in neutral zone.
6:43 of 2nd period - Blake Wheeler is hit by Craig Smith and loses puck.
7:18 of 2nd period - Penalty to Kyle Quincey is over, Kyle Quincey is back on ice.
7:23 of 2nd period - Penalty to Phillip Danault is over, Phillip Danault is back on ice.
7:42 of 2nd period - Snap shot by Adam Lowry.
7:42 of 2nd period - Shot Blocked by Yannick Weber.
8:25 of 2nd period - Slapshot by Shayne Gostisbehere.
8:25 of 2nd period - Shot Blocked by Calle Jarnkrok.
8:27 of 2nd period - Slapshot by Shayne Gostisbehere.
8:27 of 2nd period - Shot Blocked by Colin Wilson.
9:27 of 2nd period - Minor Penalty to Zach Redmond for Delaying the game.
9:28 of 2nd period - Adam Lowry wins face-off versus Craig Smith in Winnipeg Jets zone.
9:28 of 2nd period - Adam Lowry is hit by Colton Sissons.
9:40 of 2nd period - Slapshot by Craig Smith.
9:40 of 2nd period - Shot Misses the Net.
10:37 of 2nd period - Mathieu Perreault is hit by Ryan Johansen and loses puck.
11:27 of 2nd period - Penalty to Zach Redmond is over, Zach Redmond is back on ice.
11:30 of 2nd period - Blake Wheeler is hit by Austin Watson.
11:36 of 2nd period - Slapshot by Blake Wheeler.
11:36 of 2nd period - Stopped by Pekka Rinne with a rebound.
11:38 of 2nd period - Slapshot by Zach Redmond.
11:38 of 2nd period - Stopped by Pekka Rinne with a rebound.
13:06 of 2nd period - Shea Weber is hit by Martin Frk and loses puck.
14:49 of 2nd period - Craig Smith is hit by Ben Chiarot and loses puck.
15:23 of 2nd period - Zach Redmond is hit by Filip Forsberg and loses puck.
15:51 of 2nd period - Joe Thornton is hit by Blake Wheeler and loses puck.
15:58 of 2nd period - Blake Wheeler is hit by Joe Thornton and loses puck.
17:54 of 2nd period - Craig Smith is hit by Blake Wheeler and loses puck.
18:30 of 2nd period - Mike Fisher is hit by Patrik Laine and loses puck.
19:04 of 2nd period - Nikolaj Ehlers is hit by Filip Forsberg and loses puck.
19:42 of 2nd period - Blake Wheeler is hit by Calle Jarnkrok and loses puck.
Goals for this period are 1 for Nashville Predators vs 0 for Winnipeg Jets.
Shots for this period are 1 for Nashville Predators vs 8 for Winnipeg Jets.

3rd period


0:01 of 3rd period - Adam Lowry wins face-off versus Ryan Johansen in neutral zone.
0:01 of 3rd period - Brayden McNabb is hit by Yannick Weber and loses puck.
1:04 of 3rd period - Roman Josi is hit by Martin Frk and loses puck.
1:13 of 3rd period - Wrist shot by Kyle Quincey.
1:13 of 3rd period - Stopped by Michael Hutchinson without a rebound.
1:14 of 3rd period - Adam Lowry wins face-off versus Ryan Johansen in Winnipeg Jets zone.
1:39 of 3rd period - Kevin Fiala is hit by Blake Wheeler and loses puck.
1:58 of 3rd period - Mike Fisher is hit by Nikolaj Ehlers and loses puck.
2:03 of 3rd period - Backhand shot by Patrik Laine.
2:03 of 3rd period - Shot Misses the Net.
2:05 of 3rd period - Slapshot by Josh Morrissey.
2:05 of 3rd period - Shot Misses the Net.
2:07 of 3rd period - Wrist shot by Nikolaj Ehlers.
2:07 of 3rd period - Stopped by Pekka Rinne with a rebound.
2:09 of 3rd period - Slapshot by Shayne Gostisbehere.
2:09 of 3rd period - Stopped by Pekka Rinne without a rebound.
2:10 of 3rd period - Ryan Johansen wins face-off versus Adam Lowry in Nashville Predators zone.
2:10 of 3rd period - Ryan Johansen is hit by Adam Lowry.
2:24 of 3rd period - Slapshot by Troy Brouwer.
2:24 of 3rd period - Stopped by Pekka Rinne with a rebound.
2:40 of 3rd period - Wrist shot by Blake Wheeler.
2:40 of 3rd period - Shot Blocked by Kevin Fiala.
2:42 of 3rd period - Snap shot by Evander Kane.
2:42 of 3rd period - Stopped by Pekka Rinne without a rebound.
2:43 of 3rd period - Joe Thornton wins face-off versus Jack Eichel in Nashville Predators zone.
2:43 of 3rd period - Joe Thornton is hit by Blake Wheeler.
3:11 of 3rd period - Jack Eichel is hit by Roman Josi and loses puck.
3:16 of 3rd period - Snap shot by Calle Jarnkrok.
3:16 of 3rd period - Goal by Calle Jarnkrok - Nashville Predators : 3 - Winnipeg Jets : 1.
3:17 of 3rd period - Ryan Johansen wins face-off versus Adam Lowry in neutral zone.
3:30 of 3rd period - Snap shot by Troy Brouwer.
3:30 of 3rd period - Stopped by Pekka Rinne without a rebound.
3:31 of 3rd period - Joe Thornton wins face-off versus Jack Eichel in Nashville Predators zone.
3:48 of 3rd period - Wrist shot by Jack Eichel.
3:48 of 3rd period - Shot Blocked by Joe Thornton.
3:58 of 3rd period - Adam Lowry is hit by Filip Forsberg and loses puck.
4:08 of 3rd period - Minor Penalty to Ryan Johansen for Hooking.
4:09 of 3rd period - Blake Wheeler wins face-off versus Colton Sissons in Nashville Predators zone.
4:13 of 3rd period - Snap shot by Jack Eichel.
4:13 of 3rd period - Goal by Jack Eichel - Nashville Predators : 3 - Winnipeg Jets : 2.
4:14 of 3rd period - Adam Lowry wins face-off versus Ryan Johansen in neutral zone.
4:35 of 3rd period - Minor Penalty to Ryan Johansen for Hooking.
4:36 of 3rd period - Mike Fisher wins face-off versus Jack Eichel in Nashville Predators zone.
4:51 of 3rd period - Slapshot by Jack Eichel.
4:51 of 3rd period - Goal by Jack Eichel - Nashville Predators : 3 - Winnipeg Jets : 3.
4:52 of 3rd period - Joe Thornton wins face-off versus Phillip Danault in neutral zone.
4:59 of 3rd period - Snap shot by Craig Smith.
4:59 of 3rd period - Deflect By Joe Thornton.
4:59 of 3rd period - Shot Misses the Net.
4:59 of 3rd period - Puck is out of play.
5:00 of 3rd period - Joe Thornton wins face-off versus Phillip Danault in Winnipeg Jets zone.
5:05 of 3rd period - Wrist shot by Joe Thornton.
5:05 of 3rd period - Goal by Joe Thornton - Nashville Predators : 4 - Winnipeg Jets : 3.
5:06 of 3rd period - Colton Sissons wins face-off versus Adam Lowry in neutral zone.
5:06 of 3rd period - Calle Jarnkrok is hit by Mathieu Perreault and loses puck.
5:13 of 3rd period - Snap shot by Calle Jarnkrok.
5:13 of 3rd period - Shot Blocked by Brayden McNabb.
5:15 of 3rd period - Snap shot by Colton Sissons.
5:15 of 3rd period - Stopped by Michael Hutchinson without a rebound.
5:16 of 3rd period - Colton Sissons wins face-off versus Adam Lowry in Winnipeg Jets zone.
5:47 of 3rd period - Ben Chiarot is hit by Colton Sissons and loses puck.
5:54 of 3rd period - Wrist shot by Colin Wilson.
5:54 of 3rd period - Shot Blocked by Brayden McNabb.
6:02 of 3rd period - Snap shot by Calle Jarnkrok.
6:02 of 3rd period - Shot Misses the Net.
6:04 of 3rd period - Wrist shot by Colton Sissons.
6:04 of 3rd period - Goal by Colton Sissons - Nashville Predators : 5 - Winnipeg Jets : 3.
6:04 of 3rd period - Connor Hellebuyck enters game.
6:05 of 3rd period - Ryan Johansen wins face-off versus Evander Kane in neutral zone.
6:09 of 3rd period - Minor Penalty to Evander Kane for Hooking.
6:10 of 3rd period - Calle Jarnkrok wins face-off versus Adam Lowry in Winnipeg Jets zone.
6:14 of 3rd period - Slapshot by Craig Smith.
6:14 of 3rd period - Deflect By Adam Lowry.
6:14 of 3rd period - Shot Misses the Net.
6:14 of 3rd period - Puck is out of play.
6:15 of 3rd period - Colton Sissons wins face-off versus Adam Lowry in Winnipeg Jets zone.
7:08 of 3rd period - Shea Weber is hit by Mathieu Perreault.
8:09 of 3rd period - Penalty to Evander Kane is over, Evander Kane is back on ice.
8:32 of 3rd period - Snap shot by Evander Kane.
8:32 of 3rd period - Shot Misses the Net.
8:47 of 3rd period - Zach Redmond is hit by Mattias Ekholm and loses puck.
9:32 of 3rd period - Ryan Johansen is hit by Jack Eichel and loses puck.
10:14 of 3rd period - Icing by Mathieu Perreault.
10:15 of 3rd period - Colton Sissons wins face-off versus Adam Lowry in Winnipeg Jets zone.
10:16 of 3rd period - Wrist shot by Calle Jarnkrok.
10:16 of 3rd period - Stopped by Connor Hellebuyck with a rebound.
10:18 of 3rd period - Backhand shot by Cam Atkinson.
10:18 of 3rd period - Shot Blocked by Tucker Poolman.
10:20 of 3rd period - Snap shot by Ryan Johansen.
10:20 of 3rd period - Shot Misses the Net.
10:22 of 3rd period - Snap shot by Kyle Quincey.
10:22 of 3rd period - Shot Misses the Net.
10:24 of 3rd period - Slapshot by Kyle Quincey.
10:24 of 3rd period - Shot Misses the Net.
10:26 of 3rd period - Slapshot by Kyle Quincey.
10:26 of 3rd period - Stopped by Connor Hellebuyck with a rebound.
10:41 of 3rd period - Minor Penalty to Zach Redmond for Interference.
10:42 of 3rd period - Calle Jarnkrok wins face-off versus Adam Lowry in Winnipeg Jets zone.
11:06 of 3rd period - Slapshot by Filip Forsberg.
11:06 of 3rd period - Shot Misses the Net.
11:08 of 3rd period - Snap shot by Joe Thornton.
11:08 of 3rd period - Stopped by Connor Hellebuyck with a rebound.
11:44 of 3rd period - Colton Sissons is hit by Brayden McNabb and loses puck.
12:13 of 3rd period - Calle Jarnkrok is hit by Jack Roslovic and loses puck.
12:41 of 3rd period - Penalty to Zach Redmond is over, Zach Redmond is back on ice.
12:48 of 3rd period - Snap shot by Scott Hartnell.
12:48 of 3rd period - Stopped by Connor Hellebuyck without a rebound.
12:49 of 3rd period - Jack Eichel wins face-off versus Scott Hartnell in Winnipeg Jets zone.
12:58 of 3rd period - Slapshot by Roman Josi.
12:58 of 3rd period - Stopped by Connor Hellebuyck with a rebound.
13:02 of 3rd period - Slapshot by Roman Josi.
13:02 of 3rd period - Shot Blocked by Blake Wheeler.
13:04 of 3rd period - Slapshot by Shea Weber.
13:04 of 3rd period - Stopped by Connor Hellebuyck without a rebound.
13:05 of 3rd period - Nikolaj Ehlers wins face-off versus Colton Sissons in Winnipeg Jets zone.
13:45 of 3rd period - Filip Forsberg is hit by Evander Kane and loses puck.
14:42 of 3rd period - Calle Jarnkrok is hit by Nikolaj Ehlers and loses puck.
15:19 of 3rd period - Roman Josi is hit by Mathieu Perreault and loses puck.
15:43 of 3rd period - Snap shot by Scott Hartnell.
15:43 of 3rd period - Shot Misses the Net.
15:45 of 3rd period - Snap shot by Yannick Weber.
15:45 of 3rd period - Stopped by Connor Hellebuyck without a rebound.
15:46 of 3rd period - Colton Sissons wins face-off versus Adam Lowry in Winnipeg Jets zone.
15:53 of 3rd period - Mattias Ekholm is hit by Troy Brouwer and loses puck.
16:00 of 3rd period - Slapshot by Adam Lowry.
16:00 of 3rd period - Shot Blocked by Mattias Ekholm.
16:25 of 3rd period - Minor Penalty to Austin Watson for Hooking.
16:26 of 3rd period - Mike Fisher wins face-off versus Phillip Danault in Nashville Predators zone.
16:57 of 3rd period - Snap shot by Patrik Laine.
16:57 of 3rd period - Stopped by Pekka Rinne with a rebound.
16:59 of 3rd period - Slapshot by Zach Redmond.
16:59 of 3rd period - Stopped by Pekka Rinne without a rebound.
17:00 of 3rd period - Jack Eichel wins face-off versus Colton Sissons in Nashville Predators zone.
17:09 of 3rd period - Slapshot by Jack Eichel.
17:09 of 3rd period - Shot Hit the Post.
17:11 of 3rd period - Wrist shot by Josh Morrissey.
17:11 of 3rd period - Shot Misses the Net.
17:13 of 3rd period - Wrist shot by Evander Kane.
17:13 of 3rd period - Stopped by Pekka Rinne with a rebound.
17:15 of 3rd period - Slapshot by Shayne Gostisbehere.
17:15 of 3rd period - Stopped by Pekka Rinne without a rebound.
17:16 of 3rd period - Jack Eichel wins face-off versus Mike Fisher in Nashville Predators zone.
17:43 of 3rd period - Colton Sissons is hit by Phillip Danault and loses puck.
18:08 of 3rd period - Evander Kane is hit by Mike Fisher and loses puck.
18:25 of 3rd period - Penalty to Austin Watson is over, Austin Watson is back on ice.
18:47 of 3rd period - Snap shot by Mattias Ekholm.
18:47 of 3rd period - Stopped by Connor Hellebuyck without a rebound.
18:48 of 3rd period - Adam Lowry wins face-off versus Filip Forsberg in Winnipeg Jets zone.
19:19 of 3rd period - Wrist shot by Jannik Hansen.
19:19 of 3rd period - Shot Misses the Net.
19:37 of 3rd period - Slapshot by Mattias Ekholm.
19:37 of 3rd period - Stopped by Connor Hellebuyck with a rebound.
Goals for this period are 3 for Nashville Predators vs 2 for Winnipeg Jets.
Shots for this period are 14 for Nashville Predators vs 11 for Winnipeg Jets.